 Dungeon Crawl Stone Soup version 0.27-a0-972-gd1521fd (webtiles) character file.

Game seed: 4169450945793292036

2762 Nithhogg the Fanfare of Bloodshed (level 9, -19/71 HPs)
             Began as a Demonspawn Fighter on Apr 13, 2021.
             Was a Believer of Makhleb.
             Demolished by a two-headed ogre
             ... wielding a +0 giant club
              (20 damage)
             ... on level 8 of the Dungeon.
             The game lasted 00:11:03 (6070 turns).

Nithhogg the Fanfare of Bloodshed (DsFi)            Turns: 6070, Time: 00:11:04

Health: -19/71     AC:  5    Str: 24    XL:     9   Next: 42%
Magic:  14/14      EV: 13    Int: 10    God:    Makhleb [**....]
Gold:   329        SH:  0    Dex: 12    Spells: 8/8 levels left

rFire    . . .     SeeInvis .   x - +4 battleaxe
rCold    . . .     Faith    .   (shield currently unavailable)
rNeg     . . .     Spirit   .   B - +3 robe of Daffodils {Regen+ rCorr Str+4}
rPois    .         Reflect  .   (no helmet)
rElec    .         Harm     .   (no cloak)
rCorr    +         Rampage  .   (no gloves)
Will     .....                  (no boots)
Stlth    +.........             l - amulet of regeneration
HPRegen  2.21/turn              s - ring of resist corrosion
MPRegen  0.28/turn              (no ring)

@: no status effects
A: spiny 3, magic regeneration
a: Renounce Religion, Minor Destruction


You were on level 8 of the Dungeon.
You worshipped Makhleb.
Makhleb was pleased with you.
You visited 2 branches of the dungeon, and saw 9 of its levels.

You collected 329 gold pieces.

Inventory:

Hand Weapons
 a - a +1 vampiric war axe
 w - a +1 short sword of flaming
 x - a +4 battleaxe (weapon)
Missiles
 u - a curare-tipped dart
Armour
 b - a +1 scale mail
 c - a +0 kite shield
 B - the +3 robe of Daffodils (worn) {Regen+ rCorr Str+4}
   (You found it on level 7 of the Dungeon)

   It affects your strength (+4).
   It increases your rate of health regeneration.
   It protects you from acid and corrosion.
Jewellery
 l - an amulet of regeneration (around neck)
 s - a ring of resist corrosion (left hand)
Wands
 e - a wand of charming (11)
 q - a wand of flame (20)
 v - a wand of iceblast (8) (quivered)
 y - a wand of polymorph (6)
Scrolls
 g - 3 scrolls of enchant armour
 h - 3 scrolls of teleportation
 n - a scroll of magic mapping
 p - 4 scrolls of blinking
 r - 2 scrolls of identify
 t - a scroll of noise {unknown}
 A - a scroll of immolation
Potions
 d - 2 potions of might
 f - 2 potions of degeneration {unknown}
 i - 6 potions of heal wounds
 j - 2 potions of brilliance
 k - a potion of magic {unknown}
 m - 2 potions of invisibility
 o - 3 potions of curing {unknown}
 z - a potion of flight {unknown}


   Skills:
 + Level 6.5 Fighting
 + Level 5.5 Axes
 + Level 6.0 Armour
 + Level 5.1 Dodging
 - Level 2.6 Shields
 + Level 7.3 Invocations


You had 8 spell levels left.
You didn't know any spells.
Your spell library contained the following spells:

 Spells                   Type           Power      Damage    Failure   Level
 Corona                   Hex            0%         N/A       36%         1
 Ensorcelled Hibernation  Hex/Ice        0%         N/A       50%         2
 Confusing Touch          Hex            0%         N/A       75%         3
 Dazzling Flash           Conj/Hex       0%         N/A       75%         3
 Tukima's Dance           Hex            0%         N/A       75%         3


Dungeon Overview and Level Annotations

Branches:
Dungeon (8/15)             Temple (1/1) D:5
   Lair: D:8-11

Altars:
Ashenzari
Cheibriados
Dithmenos
Elyvilon
Fedhas
Gozag
Hepliaklqana
Kikubaaqudgha
Makhleb
Nemelex Xobeh
Okawaru
Qazlal
Sif Muna
Uskayaw
Vehumet
Wu Jian
Yredelemnul
The Shining One

Shops:
D:2 =

Annotations:
D:4 1 runed translucent door, edsrzf's ghost, amateur DjIE


Innate Abilities, Weirdness & Mutations

You are completely covered in sharp spines.
You regenerate magic rapidly.


Message History

There is an open door here.
There is an open door here.
You see here 2 large rocks.
You open the door.
There is an open door here.
There is an open door here.
Done exploring.
Done exploring.
(D) Dungeon (T) Temple
Where to? (Enter - D:7, ? - help)
You see here a +0 robe.
There is an open door here.
You see here a +0 short sword.
You see here a +0 dagger.
Things that are here:
a +0 dagger; a +0 leather armour
There is a stone staircase leading down here.
You climb downwards.
You hear the roar of battle.
There is an entrance to a bailey on this level.
Hurry and find it before the portal closes forever!
A two-headed ogre comes into view.
It is wielding a +0 giant club and a +0 giant spiked club.
The two-headed ogre shouts in stereo!
There is a stone staircase leading up here.
You slice the two-headed ogre!!
The two-headed ogre is moderately wounded.
The two-headed ogre is struck by your spines.
The two-headed ogre hits you with a +0 giant club!!
The two-headed ogre hits you with a +0 giant spiked club!
You closely miss the two-headed ogre.
The two-headed ogre is heavily wounded.
The two-headed ogre is struck by your spines.
The two-headed ogre hits you with a +0 giant club!
The two-headed ogre hits you with a +0 giant spiked club.
* * * LOW HITPOINT WARNING * * *
You slash the two-headed ogre!
The two-headed ogre is almost dead.
The two-headed ogre hits you with a +0 giant club!!
* * * LOW HITPOINT WARNING * * *
The two-headed ogre hits you with a +0 giant spiked club!!
You die...

#............
............
..........#
#........#
........#
#.......#
#.O....#
#@....#
#....##
####.# #


You could see a two-headed ogre.

Vanquished Creatures
  A wyvern (D:7)
  2 water moccasins (D:7)
  2 black bears
  An ice beast (D:7)
  3 sky beasts
  A necrophage (D:7)
  2 ogres
  2 kobold brigands (D:6)
  A bullfrog (D:7)
  4 scorpions
  8 wights (D:7)
  A howler monkey (D:5)
  A centaur zombie (D:7)
  5 orc priests
  A bullfrog skeleton (D:4)
  4 centaur skeletons
  A gnoll shaman (D:6)
  2 iguanas
  An orc wizard (D:5)
  A killer bee zombie (D:6)
  A hound skeleton (D:4)
  8 gnolls
  4 adders
  A shadow imp (D:5)
  2 ufetubi (D:5)
  2 worms
  2 dart slugs
  17 orcs
  10 endoplasms
  4 giant cockroaches
  7 goblins
  13 hobgoblins
  8 jackals
  2 quokkas (D:1)
  5 ball pythons
  6 bats
  5 frilled lizards
  A jackal skeleton (D:4)
  16 kobolds
  5 rats
163 creatures vanquished.

Vanquished Creatures (collateral kills)
  A phantom (D:6)
1 creature vanquished.

Grand Total: 164 creatures vanquished

Notes
Turn   | Place    | Note
-------+----------+-------------------------------------------
     0 | D:1      | Nithhogg the Demonspawn Fighter began the quest for the
                  | Orb.
     0 | D:1      | Reached XP level 1. HP: 18/18 MP: 1/1
   271 | D:1      | Gained mutation: You are partially covered in sharp spines.
                  | [demonic ancestry]
   271 | D:1      | Reached XP level 2. HP: 22/24 MP: 2/2
   306 | D:1      | Reached skill level 1 in Invocations
   737 | D:1      | Reached XP level 3. HP: 19/29 MP: 2/4
   988 | D:1      | Reached skill level 1 in Dodging
  1406 | D:2      | Gained mutation: You are mostly covered in sharp spines.
                  | [demonic ancestry]
  1406 | D:2      | Reached XP level 4. HP: 28/35 MP: 5/5
  1493 | D:2      | Reached skill level 2 in Invocations
  1734 | D:2      | Found Keer's Jewellery Shop.
  2197 | D:2      | Found a faded altar of an unknown god.
  2433 | D:3      | Found a snail-covered altar of Cheibriados.
  3063 | D:4      | Gained mutation: You regenerate magic rapidly. [demonic
                  | ancestry]
  3063 | D:4      | Reached XP level 5. HP: 42/42 MP: 6/6
  3128 | D:4      | Found a runed translucent door.
  3128 | D:4      | Noticed edsrzf's ghost (amateur DjIE)
  3365 | D:4      | Reached skill level 3 in Invocations
  3531 | D:5      | Entered Level 5 of the Dungeon
  3651 | D:5      | Reached XP level 6. HP: 48/48 MP: 8/8
  3712 | D:5      | Found an iron altar of Okawaru.
  4002 | D:5      | Reached skill level 4 in Invocations
  4002 | D:5      | Reached XP level 7. HP: 55/55 MP: 8/10
  4162 | D:5      | Found a staircase to the Ecumenical Temple.
  4221 | Temple   | Entered the Ecumenical Temple
  4285 | Temple   | Became a worshipper of Makhleb the Destroyer
  4394 | D:6      | Found an ornate altar of the Wu Jian Council.
  4428 | D:6      | Reached skill level 5 in Fighting
  4428 | D:6      | Reached skill level 5 in Invocations
  4489 | D:6      | Reached XP level 8. HP: 57/62 MP: 11/11
  4490 | D:6      | Reached * piety under Makhleb
  4505 | D:6      | Found a stormy altar of Qazlal.
  4808 | D:6      | Reached skill level 5 in Armour
  5069 | D:7      | Reached skill level 6 in Invocations
  5372 | D:7      | Reached ** piety under Makhleb
  5376 | D:7      | Reached skill level 5 in Axes
  5377 | D:7      | Gained mutation: You are completely covered in sharp
                  | spines. [demonic ancestry]
  5377 | D:7      | Reached XP level 9. HP: 54/69 MP: 13/13
  5501 | D:7      | Reached skill level 7 in Invocations
  5706 | D:7      | Identified the +3 robe of Daffodils {Regen+ rCorr Str+4}
  5872 | D:7      | Reached skill level 5 in Dodging
  6067 | D:8      | Noticed a two-headed ogre
  6070 | D:8      | HP: 1/71 [two-headed ogre/+0 giant club (20)]
  6070 | D:8      | Demolished by a two-headed ogre

Illustrated notes

Levels and vault maps discovered:
D:1:      matt_arrival_refuge, layout_basic, minmay_tromino_v4_c
D:2:      layout_basic, serial_shops, shop,
          hellmonk_ecumenical_altar_heavens_door, serial_park_tiny_1
D:3:      layout_loops_cross, nicolae_overflow_hidden_temple, minmay_misc_feat_x
D:4:      layout_loops_ring, hellmonk_ghost_happy_afterlife
D:5:      layout_loops_ring, overflow_temple_1_default,
          lemuel_temple_firewalk_b, kennysheep_small_circle
D:6:      layout_loops_ring, grunt_qazlal_clouds, lemuel_tele_altar,
          kennysheep_generic_room_10
D:7:      layout_loops_corners, tso_altar, grunt_ministairs_4
D:8:      layout_cave_pods, chequers_temple_overflow_statue_of_worship,
          enter_bailey_3
Temple:   cyrus_circular_temple

Skill      XL: |  1  2  3  4  5  6  7  8  9 |
---------------+----------------------------+-----
Axes           | 2 3 4 5 |  5.5
Invocations    | 1 2 3 4 5 6 7 |  7.3
Armour         | 3 4 5 6 |  6.0
Dodging        | 1 2 3 4 5 |  5.1
Fighting       | 4 5 6 |  6.5
Shields        | |  2.6

Action                   |  1- 3 |  4- 6 |  7- 9 || total
-------------------------+-------+-------+-------++-------
Melee: War axe           |    63 |   115 |   131 ||   309
       Battleaxe         |       |       |    22 ||    22
Evoke: Wand              |       |       |     3 ||     3
  Use: Scroll            |       |    12 |     1 ||    13
Armor: Scale mail        |    19 |    51 |    66 ||   136
       Robe              |       |       |     4 ||     4
Dodge: Dodged            |    15 |    39 |    48 ||   102
Block: Kite shield       |    29 |    72 |    83 ||   184

Table legend: (Time is in decaauts)
 A = Elapsed time spent in this place.
 B = Non-inter-level travel time spent in this place.
 C = Inter-level travel time spent in this place.
 D = Time resting spent in this place.
 E = Time spent auto-exploring this place.
 F = Levels seen in this place.
 G = Mean time per level.
                   A        B        C        D        E       F      G
               +--------+--------+--------+--------+--------+-----+--------+
         Total |   6257 |   6109 |    148 |      0 |   5066 |   9 |  695.2 |
       Dungeon |   6180 |   6045 |    135 |      0 |   5024 |   8 |  772.5 |
        Temple |     77 |     64 |     13 |      0 |     42 |   1 |   77.0 |
               +--------+--------+--------+--------+--------+-----+--------+

Top non-repeatable levels by time:
     D:1: 1432 daAuts
     D:7: 1080 daAuts
     D:2: 968 daAuts
     D:5: 748 daAuts
     D:6: 723 daAuts
     D:4: 642 daAuts
     D:3: 580 daAuts
  Temple: 77 daAuts
     D:8: 3 daAuts
